BSA
NASHVILLE G-STRINGS @ NEW ORLEANS LOOTERS
09/09/2029
 
TOP OF THE 1ST
Nashville G-Strings batting - Pitching for New Orleans Looters : RHP Chris Martin
Pitching: RHP Chris Martin
Batting: SHB Jorge Flores 0-0: Ball
1-0: Foul Ball, location: 2F
1-1: Ground out 5-3 (Groundball, 56)
Batting: LHB Miguel Rivería 0-0: Ball
1-0: Ball
2-0: Ground out 4-3 (Groundball, 34)
Batting: RHB Sergio Márquez 0-0: Ball
1-0: Fly out, F6 (Line Drive, 6)
Top of the 1st over - 0 runs, 0 hits, 0 errors, 0 left on base; Nashville 0 - New Orleans 0
BOTTOM OF THE 1ST
New Orleans Looters batting - Pitching for Nashville G-Strings : RHP Clint John
Pitching: RHP Clint John
Batting: SHB Arturo Sánchez 0-0: Called Strike
0-1: Called Strike
0-2: Ball
1-2: SINGLE (Groundball, 4MD)
Batting: RHB John Mendelson 0-0: Called Strike
0-1: Ball
1-1: Fly out, F8 (Flyball, 8LD)
Batting: LHB Jorge Martínez 0-0: Ball
1-0: Ball
2-0: Foul Ball, location: 2F
2-1: Foul Ball, location: 2F
2-2: Ball
3-2: Base on Balls
Arturo Sánchez to second
Batting: LHB Taylor Smith 0-0: Ball
1-0: Called Strike
1-1: Ground out U3 (Groundball, 34S)
Arturo Sánchez to third
Jorge Martínez to second
Batting: SHB Oliver Deleón 0-0: Ball
1-0: Fly out, F9 (Flyball, 9LM)
Bottom of the 1st over - 0 runs, 1 hit, 0 errors, 2 left on base; Nashville 0 - New Orleans 0
TOP OF THE 2ND
Nashville G-Strings batting - Pitching for New Orleans Looters : RHP Chris Martin
Batting: LHB Robinson Fernández 0-0: SINGLE (Line Drive, 9S)
Batting: RHB Eric Thompson 0-0: Ball
1-0: Called Strike
1-1: Ball
2-1: Swinging Strike
2-2: Foul Ball, location: 2F
2-2: DOUBLE (Line Drive, 78XD)
Robinson Fernández to third
Runner from 3rd tries for Home, SAFE, no throw
Batting: LHB George Smith 0-0: Called Strike
0-1: SINGLE (Groundball, 4MD)
Eric Thompson to third
Runner from 3rd tries for Home, SAFE, throw made home
George Smith to second
Batting: RHB Jesús Cabrera 0-0: Ball
1-0: Ball
2-0: SINGLE (Groundball, 6MD)
George Smith to third
Batting: RHB Wilfred Martin 0-0: Ball
1-0: Called Strike
1-1: Ball
2-1: Ball
3-1: Fly out, F9 (Line Drive, 9)
Runner from 3rd tags up, SCORES, throw made
Batting: LHB Jesús Núñez 0-0: Ball
Jesús Cabrera steals 2nd base
1-0: Foul Ball, location: 2F
1-1: Ball
2-1: Fly out, F9 (Flyball, 89M)
Batting: SHB Jorge Flores 0-0: Ball
1-0: Swinging Strike
1-1: Called Strike
1-2: Foul Ball, location: 2F
1-2: Ball
2-2: Strikes out swinging
Top of the 2nd over - 3 runs, 4 hits, 0 errors, 1 left on base; Nashville 3 - New Orleans 0
BOTTOM OF THE 2ND
New Orleans Looters batting - Pitching for Nashville G-Strings : RHP Clint John
Batting: RHB Dave O'Loan 0-0: Swinging Strike
0-1: SINGLE (Groundball, 6MD)
Batting: LHB Tony Abete 0-0: Ball
1-0: Foul Ball, location: 2F
1-1: Swinging Strike
Passed Ball!
Dave O'Loan to second
1-2: Strikes out looking
Batting: RHB Greg Handrahan 0-0: Ball
1-0: Foul Ball, location: 2F
1-1: Ball
2-1: Ball
3-1: Called Strike
3-2: Ground out 5-3 (Groundball, 56)
Batting: SHB Derek Roach 0-0: Called Strike
0-1: Swinging Strike
0-2: Foul Ball, location: 2F
0-2: Ground out 4-3 (Groundball, 34)
Bottom of the 2nd over - 0 runs, 1 hit, 0 errors, 1 left on base; Nashville 3 - New Orleans 0
TOP OF THE 3RD
Nashville G-Strings batting - Pitching for New Orleans Looters : RHP Chris Martin
Batting: LHB Miguel Rivería 0-0: Fly out, F8 (Flyball, 8RS)
Batting: RHB Sergio Márquez 0-0: Called Strike
0-1: SINGLE (Flyball, 8RS)
Batting: LHB Robinson Fernández 0-0: Foul Ball, location: 2F
0-1: Ball
1-1: Ball
2-1: Foul Ball, location: 2F
2-2: Foul Ball, location: 2F
2-2: Strikes out looking
Batting: RHB Eric Thompson 0-0: Fielders Choice at 2nd, 6-4 (Groundball, 6)
Top of the 3rd over - 0 runs, 1 hit, 0 errors, 1 left on base; Nashville 3 - New Orleans 0
BOTTOM OF THE 3RD
New Orleans Looters batting - Pitching for Nashville G-Strings : RHP Clint John
Batting: SHB Arturo Sánchez 0-0: Ball
1-0: Called Strike
1-1: Ground out 6-3 (Groundball, 6)
Batting: RHB John Mendelson 0-0: Ball
1-0: Fly out, F3 (Popup, 3S)
Batting: LHB Jorge Martínez 0-0: Called Strike
0-1: Swinging Strike
0-2: Ball
1-2: Fly out, F2 (Popup, 2LF)
Bottom of the 3rd over - 0 runs, 0 hits, 0 errors, 0 left on base; Nashville 3 - New Orleans 0
TOP OF THE 4TH
Nashville G-Strings batting - Pitching for New Orleans Looters : RHP Chris Martin
Batting: LHB George Smith 0-0: Reached on error, E4 (Groundball, 4)
Batting: RHB Jesús Cabrera 0-0: Called Strike
0-1: Ball
1-1: Fly out, F3 (Popup, 3L)
Batting: RHB Wilfred Martin 0-0: Fly out, F7 (Flyball, 7LS)
Batting: LHB Jesús Núñez 0-0: Called Strike
0-1: Swinging Strike
0-2: Ground out U3 (Groundball, 34S)
Top of the 4th over - 0 runs, 0 hits, 1 error, 1 left on base; Nashville 3 - New Orleans 0
BOTTOM OF THE 4TH
New Orleans Looters batting - Pitching for Nashville G-Strings : RHP Clint John
Batting: LHB Taylor Smith 0-0: Ball
1-0: Ball
2-0: Ball
3-0: Called Strike
3-1: Fly out, F7 (Flyball, 7S)
Batting: SHB Oliver Deleón 0-0: Foul Ball, location: 2F
0-1: Ball
1-1: DOUBLE (Line Drive, 7D)
Batting: RHB Dave O'Loan 0-0: Called Strike
0-1: Ball
1-1: Called Strike
1-2: Ball
2-2: Ball
3-2: Ground out 6-3 (Groundball, 6)
Batting: LHB Tony Abete 0-0: Ball
1-0: Ground out 3-1 (Groundball, 34S)
Bottom of the 4th over - 0 runs, 1 hit, 0 errors, 1 left on base; Nashville 3 - New Orleans 0
TOP OF THE 5TH
Nashville G-Strings batting - Pitching for New Orleans Looters : RHP Chris Martin
Batting: SHB Jorge Flores 0-0: Swinging Strike
0-1: Ground out U3 (Groundball, 3)
Batting: LHB Miguel Rivería 0-0: Ball
1-0: Fly out, F9 (Flyball, 9S)
Batting: RHB Sergio Márquez 0-0: Called Strike
0-1: Called Strike
0-2: Fly out, F7 (Flyball, 78M)
Top of the 5th over - 0 runs, 0 hits, 0 errors, 0 left on base; Nashville 3 - New Orleans 0
BOTTOM OF THE 5TH
New Orleans Looters batting - Pitching for Nashville G-Strings : RHP Clint John
Batting: RHB Greg Handrahan 0-0: Foul Ball, location: 2F
0-1: Ball
1-1: Called Strike
1-2: Ground out 1-3 (Groundball, 13)
Batting: SHB Derek Roach 0-0: Called Strike
0-1: Ball
1-1: Ball
2-1: Foul Ball, location: 2F
2-2: Fly out, F8 (Flyball, 8RS)
Batting: SHB Arturo Sánchez 0-0: SINGLE (Groundball, 6D)
Batting: RHB John Mendelson 0-0: Ball
1-0: Called Strike
1-1: Called Strike
1-2: Ground out 1-3 (Groundball, 13S)
Bottom of the 5th over - 0 runs, 1 hit, 0 errors, 1 left on base; Nashville 3 - New Orleans 0
TOP OF THE 6TH
Nashville G-Strings batting - Pitching for New Orleans Looters : RHP Chris Martin
Batting: LHB Robinson Fernández 0-0: Called Strike
0-1: Foul Ball, location: 2F
0-2: Ball
1-2: Foul Ball, location: 2F
1-2: Foul Ball, location: 2F
1-2: Foul Ball, location: 2F
1-2: Foul Ball, location: 2F
1-2: Foul Ball, location: 2F
1-2: Ball
2-2: Ball
3-2: Base on Balls
Batting: RHB Eric Thompson 0-0: Ball
1-0: Grounds into double play, 6-4-3 (Groundball, 6)
Batting: LHB George Smith 0-0: Called Strike
0-1: Foul Ball, location: 2F
0-2: Foul Ball, location: 2F
0-2: Foul Ball, location: 2F
0-2: Ball
1-2: Ball
2-2: Ground out 5-3 (Groundball, 56)
Top of the 6th over - 0 runs, 0 hits, 0 errors, 0 left on base; Nashville 3 - New Orleans 0
BOTTOM OF THE 6TH
New Orleans Looters batting - Pitching for Nashville G-Strings : RHP Clint John
Batting: LHB Jorge Martínez 0-0: Foul Ball, location: 2F
0-1: Foul Ball, location: 2F
0-2: Ball
1-2: Ground out 4-3 (Groundball, 4)
Batting: LHB Taylor Smith 0-0: Ball
1-0: Foul Ball, location: 2F
1-1: Ball
2-1: Ground out 4-3 (Groundball, 4)
Batting: SHB Oliver Deleón 0-0: Ball
1-0: SOLO HOME RUN (Flyball, 9D), Distance : 384 ft
Batting: RHB Dave O'Loan 0-0: Called Strike
0-1: Called Strike
0-2: Foul Ball, location: 2F
0-2: Strikes out looking
Bottom of the 6th over - 1 run, 1 hit, 0 errors, 0 left on base; Nashville 3 - New Orleans 1
TOP OF THE 7TH
Nashville G-Strings batting - Pitching for New Orleans Looters : RHP Chris Martin
Batting: RHB Jesús Cabrera 0-0: Foul Ball, location: 2F
0-1: Called Strike
0-2: Ball
1-2: Ball
2-2: Foul Ball, location: 2F
2-2: Ball
3-2: Foul Ball, location: 2F
3-2: Base on Balls
Batting: RHB Wilfred Martin 0-0: Ball
1-0: Called Strike
1-1: Ball
2-1: Called Strike
2-2: Fly out, F9 (Line Drive, 9S)
Batting: LHB Jesús Núñez 0-0: Called Strike
0-1: Ball
1-1: Ball
2-1: Foul Ball, location: 2F
2-2: SINGLE (Line Drive, 34D)
Jesús Cabrera to second
Jesús Cabrera to third
Batting: SHB Jorge Flores 0-0: Ball
1-0: Swinging Strike
1-1: Called Strike
1-2: Strikes out looking
Batting: LHB Miguel Rivería 0-0: Swinging Strike
0-1: Called Strike
0-2: Foul Ball, location: 2F
0-2: Foul Ball, location: 2F
0-2: Foul Ball, location: 2F
0-2: Ball
Jesús Núñez is caught stealing 2nd base
Top of the 7th over - 0 runs, 1 hit, 0 errors, 1 left on base; Nashville 3 - New Orleans 1
BOTTOM OF THE 7TH
New Orleans Looters batting - Pitching for Nashville G-Strings : RHP Clint John
Pitching: RHP Ramiro Rivera
Batting: LHB Tony Abete 0-0: Called Strike
0-1: Ball
1-1: Swinging Strike
1-2: Strikes out swinging
Batting: RHB Greg Handrahan 0-0: Ball
1-0: Foul Ball, location: 2F
1-1: Foul Ball, location: 2F
1-2: Strikes out swinging
Batting: SHB Derek Roach 0-0: Ball
1-0: Foul Ball, location: 2F
1-1: SINGLE (Groundball, 3D)
Batting: SHB Arturo Sánchez 0-0: Ball
1-0: Ball
2-0: Ball
3-0: Fielders Choice at 2nd, 6-4 (Groundball, 6)
Bottom of the 7th over - 0 runs, 1 hit, 0 errors, 1 left on base; Nashville 3 - New Orleans 1
TOP OF THE 8TH
Nashville G-Strings batting - Pitching for New Orleans Looters : RHP Chris Martin
Pitching: LHP Tadao Yoshida
Batting: LHB Miguel Rivería 0-0: Ball
1-0: Called Strike
1-1: Ball
2-1: Foul Ball, location: 2F
2-2: Strikes out swinging
Batting: RHB Sergio Márquez 0-0: Called Strike
0-1: Ball
1-1: Foul Ball, location: 2F
1-2: Ground out 3-1 (Groundball, 34)
Batting: LHB Robinson Fernández 0-0: Ball
1-0: Ball
2-0: Called Strike
2-1: Called Strike
2-2: Ball
3-2: Strikes out swinging
Top of the 8th over - 0 runs, 0 hits, 0 errors, 0 left on base; Nashville 3 - New Orleans 1
BOTTOM OF THE 8TH
New Orleans Looters batting - Pitching for Nashville G-Strings : RHP Ramiro Rivera
Batting: RHB John Mendelson 0-0: Called Strike
0-1: Foul Ball, location: 2F
0-2: Ball
1-2: Strikes out swinging
Pitching: LHP Raúl Sandoval
Batting: LHB Jorge Martínez 0-0: Ball
1-0: Swinging Strike
1-1: Ball
2-1: Ball
3-1: Base on Balls
Batting: LHB Taylor Smith 0-0: Ball
1-0: Foul Ball, location: 2F
1-1: Swinging Strike
1-2: Ball
2-2: Fly out, F8 (Flyball, 78D)
Pitching: RHP Bennie Jones
Batting: SHB Oliver Deleón 0-0: Ball
1-0: Swinging Strike
Passed Ball!
Jorge Martínez to second
1-1: Ball
2-1: Foul Ball, location: 2F
2-2: Fly out, F8 (Line Drive, 8LM)
Bottom of the 8th over - 0 runs, 0 hits, 0 errors, 1 left on base; Nashville 3 - New Orleans 1
TOP OF THE 9TH
Nashville G-Strings batting - Pitching for New Orleans Looters : LHP Tadao Yoshida
Batting: RHB Eric Thompson 0-0: Called Strike
0-1: Ball
1-1: Ball
2-1: Ball
3-1: Ground out 4-3 (Groundball, 4M)
Batting: LHB George Smith 0-0: Called Strike
0-1: Fly out, F7 (Flyball, 7)
Batting: RHB Jesús Cabrera 0-0: Ball
1-0: Ball
2-0: Called Strike
2-1: Foul Ball, location: 2F
2-2: Ball
3-2: Foul Ball, location: 2F
3-2: SINGLE (Groundball, 6MD)
Batting: RHB Wilfred Martin 0-0: Ball
1-0: Ball
2-0: Foul Ball, location: 2F
2-1: Fielders Choice at 2nd, 5-4 (Groundball, 5L)
Top of the 9th over - 0 runs, 1 hit, 0 errors, 1 left on base; Nashville 3 - New Orleans 1
BOTTOM OF THE 9TH
New Orleans Looters batting - Pitching for Nashville G-Strings : RHP Bennie Jones
Pitching: RHP Johnathan Phillips
Batting: RHB Dave O'Loan 0-0: Foul Ball, location: 2F
0-1: Called Strike
0-2: Strikes out looking
Batting: LHB Tony Abete 0-0: Called Strike
0-1: Ball
1-1: Foul Ball, location: 2F
1-2: Strikes out swinging
Batting: RHB Greg Handrahan 0-0: Called Strike
0-1: Ball
1-1: Ball
2-1: Ball
3-1: Foul Ball, location: 2F
3-2: Reached on error, E4 (Groundball, 4D)
Batting: SHB Derek Roach 0-0: Called Strike
0-1: Foul Ball, location: 2F
0-2: Ball
1-2: Ball
2-2: Ball
3-2: Fly out, F3 (Line Drive, 3L)
Bottom of the 9th over - 0 runs, 0 hits, 1 error, 1 left on base; Nashville 3 - New Orleans 1
Saturday, December 16th, 2017 - OOTP Baseball 18.8 Build 76